 Dungeon Crawl Stone Soup version 0.26-a0-651-gb41185065b (webtiles) character file.

Game seed: 16844438618212736097

9601 Flugslaktarn the Cleaver (level 11, -15/106 HPs)
             Began as a Deep Dwarf Fighter on Oct 7, 2020.
             Was an Elder of Makhleb.
             Demolished by a stone giant (33 damage)
             ... on level 14 of the Dungeon.
             The game lasted 00:04:23 (5557 turns).

Flugslaktarn the Cleaver (Deep Dwarf Fighter)       Turns: 5557, Time: 00:04:23

Health: -15/106    AC: 22    Str: 22    XL:     11   Next: 25%
Magic:  9/9        EV:  5    Int:  9    God:    Makhleb [****..]
Gold:   307        SH: 11    Dex: 13    Spells: 10/10 levels left

rFire    . . .     SeeInvis .   a - +0 broad axe
rCold    . . .     Faith    .   c - +0 kite shield
rNeg     . . .     Spirit   .   u - +0 plate armour
rPois    .         Reflect  .   f - +1 hat
rElec    .         Harm     .   k - +2 cloak
rCorr    .         Rampage  .   B - +0 pair of gloves
MR       +....                  v - +2 pair of boots
Stlth    ..........             g - amulet of the acrobat
HPRegen  0.00/turn              (no ring)
MPRegen  0.11/turn              (no ring)

@: mighty, non-regenerating
A: damage resistance, heal wounds, sense surroundings 2, no regeneration
a: Heal Wounds, Minor Destruction, Lesser Servant of Makhleb, Major Destruction,
Renounce Religion


You were on level 14 of the Dungeon.
You worshipped Makhleb.
Makhleb was greatly pleased with you.
You visited 2 branches of the dungeon, and saw 13 of its levels.
You also visited: Sewer.

You collected 485 gold pieces.
You spent 178 gold pieces at shops.

Inventory:

Hand Weapons
 a - a +0 broad axe (weapon)
   (You found it on level 10 of the Dungeon)
Missiles
 h - a throwing net (quivered)
Armour
 c - a +0 kite shield (worn)
 f - a +1 hat (worn)
   (You found it on level 8 of the Dungeon)
 k - a +2 cloak (worn)
   (You found it on level 5 of the Dungeon)
 u - a +0 plate armour (worn)
   (You took it off an orc warrior on level 6 of the Dungeon)
 v - a +2 pair of boots (worn)
   (You found it on level 8 of the Dungeon)
 B - a +0 pair of gloves (worn)
   (You found it on level 9 of the Dungeon)
Jewellery
 g - an amulet of the acrobat (around neck)
   (You found it on level 7 of the Dungeon)
 m - an uncursed amulet of guardian spirit {unknown}
   (You found it on level 8 of the Dungeon)
 E - an uncursed amulet of reflection {unknown}
   (You found it on level 10 of the Dungeon)
Wands
 b - a wand of paralysis (10)
   (You found it on level 7 of the Dungeon)
 e - a wand of enslavement (12)
   (You found it on level 11 of the Dungeon)
 s - a wand of iceblast (8)
   (You found it on level 6 of the Dungeon)
 y - a wand of acid (6)
   (You found it on level 8 of the Dungeon)
Scrolls
 l - a scroll of magic mapping
 t - 5 scrolls of teleportation
 x - 2 scrolls of remove curse
 C - a scroll of fear
 D - a scroll of immolation
Potions
 d - 3 potions of might
 j - a potion of cancellation {unknown}
 o - a potion of haste {unknown}
 p - 2 potions of ambrosia
 q - 4 potions of curing
 w - 4 potions of heal wounds
 z - a potion of mutation {unknown}
 A - a potion of invisibility


   Skills:
 * Level 9.2 Fighting
 * Level 10.6 Axes
 + Level 8.2 Armour
 + Level 8.1 Shields
 + Level 8.2 Invocations
 + Level 0.0 Evocations


You had 10 spell levels left.
You didn't know any spells.
Your spell library was empty.

Dungeon Overview and Level Annotations

Branches:
Dungeon (11/15)            Temple (1/1) D:4             Orc (0/2) D:9
  Sewer (visited)
   Lair: D:8-11

Altars:
Ashenzari
Cheibriados
Dithmenos
Elyvilon
Fedhas
Gozag
Hepliaklqana
Kikubaaqudgha
Makhleb
Nemelex Xobeh
Okawaru
Qazlal
Ru
Sif Muna
Trog
Uskayaw
Vehumet
Wu Jian
Xom
Yredelemnul
Zin
The Shining One

Shops:
D:7 !   D:10 ?


Innate Abilities, Weirdness & Mutations

You are resistant to damage.
You can heal yourself by infusing magical energy.
You passively map the area around you.
You do not regenerate.


Message History

You feel much better. The stone giant hits you!
Evoke which item? (* to show all) (? for menu, Esc to quit)
Aiming: Paralyse
Press: ? - help, Shift-Dir - straight line, f - stone giant
Aim: a stone giant (lightly wounded, chance to defeat MR: 6%)
The stone giant resists with almost no effort.
The stone giant hits you but does no damage.
You feel very mighty all of a sudden. The stone giant hits you!!
Your magical essence is drained by the effort!
You feel much better. The stone giant hits you!!
You slash the stone giant!
The stone giant is lightly wounded.
The stone giant hits you!!
* * * LOW HITPOINT WARNING * * *
You are too injured to fight recklessly!
You hit the stone giant.
The stone giant is moderately wounded.
The stone giant hits you!!
You die...

P≈≈≈ ≈P...# *
,≈≈≈≈≈ .#..###.#
8 ≈≈≈≈8.#.....#.#
≈≈≈P......#>#.#.#
≈
≈≈..#..#(.......#
*
≈8.#..#...#.#.#.
≈ .......(#.#.# *
≈ #..#.....(.#.#
8 #..#.....)))#@#
*, ,
......Z..Z).#C# *
........##(##Z#
.....C....((.# *
, *
...####..####, *
* *=..,...... , *
, , ###....*** *
,, , #..... , ,
,* * #.#..# *


You could see a stone giant and a centaur warrior skeleton.

Vanquished Creatures
  2 two-headed ogres (D:14)
  A manticore (D:14)
  4 hippogriffs
  2 wyverns
  3 yaks (D:14)
  Menkaure (D:6)
  4 water moccasins
  3 ice beasts
  2 orc warriors
  2 sky beasts
  A black bear (D:9)
  12 ogres
  A necrophage (D:8)
  2 phantoms
  5 centaurs
  2 big kobolds (D:8)
  9 bullfrogs
  A gnoll sergeant (D:9)
  A wyvern skeleton (D:8)
  4 scorpions
  A water moccasin skeleton (D:6)
  12 killer bees
  9 wights
  2 howler monkeys (D:4)
  An electric eel (D:10)
  2 jellies
  3 hounds
  2 bullfrog skeletons
  2 orc priests (D:6)
  9 orc wizards
  2 centaur skeletons
  4 iguanas
  8 worker ants
  A hound zombie (D:9)
  6 gnolls
  A howler monkey skeleton (D:7)
  6 adders
  A shadow imp (D:7)
  3 white imps
  An ufetubus (D:6)
  An ooze (Sewer)
  An adder zombie (D:8)
  4 worms
  A dart slug (D:1)
  5 leopard geckos
  30 orcs
  2 bats
  2 giant cockroaches (D:2)
  5 goblins
  3 hobgoblins
  12 jackals
  7 quokkas
  2 ball pythons
  2 frilled lizards
  A jackal skeleton (D:4)
  14 kobolds
  2 leopard gecko skeletons (D:4)
  2 quokka skeletons
  4 rats
238 creatures vanquished.

Vanquished Creatures (others)
  A vampire (D:14)
  An orc wizard (D:9)
  3 plants (D:14)
5 creatures vanquished.

Grand Total: 243 creatures vanquished

Notes
Turn   | Place    | Note
-------+----------+-------------------------------------------
     0 | D:1      | Flugslaktarn the Deep Dwarf Fighter began the quest for the
                  | Orb.
     0 | D:1      | Reached XP level 1. HP: 20/20 MP: 1/1
   129 | D:1      | Reached XP level 2. HP: 27/27 MP: 2/2
   250 | D:2      | Reached XP level 3. HP: 19/34 MP: 3/3
   269 | D:2      | Reached skill level 3 in Axes
   349 | D:3      | Reached XP level 4. HP: 29/42 MP: 4/4
   522 | D:4      | Found a staircase to the Ecumenical Temple.
   524 | D:4      | Noticed a phantom
   562 | Temple   | Entered the Ecumenical Temple
   578 | Temple   | Killed a phantom
   578 | Temple   | Reached skill level 4 in Axes
   578 | Temple   | Reached XP level 5. HP: 24/50 MP: 5/5
   641 | Temple   | Became a worshipper of Makhleb the Destroyer
   891 | D:4      | Found a glowing drain.
   919 | Sewer    | Entered a sewer
   948 | Sewer    | Reached XP level 6. HP: 42/57 MP: 6/6
  1046 | D:4      | Reached skill level 1 in Invocations
  1092 | D:4      | HP: 2/57 [ogre/+0 giant club (8)]
  1173 | D:5      | Entered Level 5 of the Dungeon
  1176 | D:5      | Noticed an ice beast
  1190 | D:5      | Killed an ice beast
  1190 | D:5      | Reached XP level 7. HP: 41/66 MP: 7/7
  1192 | D:5      | Reached * piety under Makhleb
  1276 | D:5      | Reached skill level 5 in Axes
  1539 | D:5      | Reached skill level 5 in Fighting
  1725 | D:5      | Reached skill level 5 in Armour
  1725 | D:5      | Reached skill level 5 in Shields
  1813 | D:5      | Reached XP level 8. HP: 32/75 MP: 7/7
  1929 | D:5      | Reached skill level 6 in Axes
  2118 | D:6      | Noticed Menkaure
  2129 | D:6      | Killed Menkaure
  2172 | D:6      | Reached ** piety under Makhleb
  2659 | D:7      | Reached skill level 7 in Axes
  2762 | D:7      | Gained mutation: You passively map the area around you.
                  | [Deep Dwarf growth]
  2762 | D:7      | Reached XP level 9. HP: 80/85 MP: 6/6
  2796 | D:7      | Reached skill level 5 in Invocations
  3049 | D:7      | Found Elouskat's Distillery.
  3063 | D:7      | Bought a potion of might for 48 gold pieces
  3063 | D:7      | Bought a potion of might for 48 gold pieces
  3202 | D:8      | Reached skill level 8 in Axes
  3303 | D:8      | Reached *** piety under Makhleb
  3407 | D:8      | Found a glowing silver altar of Zin.
  4043 | D:9      | Reached XP level 10. HP: 96/96 MP: 8/8
  4139 | D:9      | Reached skill level 9 in Axes
  4246 | D:9      | Found a staircase to the Orcish Mines.
  4343 | D:9      | Reached **** piety under Makhleb
  4795 | D:10     | Entered Level 10 of the Dungeon
  4898 | D:10     | Found Noobit's Magic Scroll Emporium.
  5035 | D:10     | Bought a scroll of enchant armour for 82 gold pieces
  5151 | D:10     | Found a shimmering blue altar of Sif Muna.
  5272 | D:10     | Found a glowing silver altar of Zin.
  5482 | D:11     | You fall into a shaft and drop 3 floors!
  5482 | D:14     | Noticed a two-headed ogre
  5483 | D:14     | Noticed a two-headed ogre
  5493 | D:14     | Reached skill level 10 in Axes
  5494 | D:14     | Noticed a manticore
  5497 | D:14     | Killed a two-headed ogre
  5499 | D:14     | Killed a two-headed ogre
  5499 | D:14     | Reached XP level 11. HP: 78/106 MP: 10/10
  5525 | D:14     | Noticed a stone giant
  5557 | D:14     | Demolished by a stone giant

Illustrated notes

Levels and vault maps discovered:
D:1:      minmay_arrival_radiant_lines, layout_loops_corners
D:2:      layout_basic, chequers_ecumenical_altar_island
D:3:      layout_basic
D:4:      layout_basic, minmay_temple_entry_tees, cheibrodos_sewer_entry_bend
D:5:      layout_loops_ring, kennysheep_generic_room_10
D:6:      layout_basic, uniq_menkaure
D:7:      layout_rooms, serial_shops, shop
D:8:      layout_basic, lemuel_round_altar
D:9:      layout_basic, orc_0_dummy
D:10:     layout_basic, basic_altar, serial_shops, nicolae_shop_stone,
          minmay_crystal_water, lemuel_tele_altar
D:11:     layout_loops_ring, dpeg_lair_monsters, serial_shops, kennysheep_mini,
          enter_bailey_2, kennysheep_generic_room_14
D:14:     cheibrodos_monumental, layout_basic, gauntlet_entry_generic,
          grunt_decor_fettered
Temple:   dpeg_three_leaves_temple

Skill      XL: |  1  2  3  4  5  6  7  8  9 10 11 |
---------------+----------------------------------+-----
Fighting       | 3 4 5 6 7 9 |  9.2
Axes           | 3 4 5 7 8 10 | 10.6
Armour         | 4 5 6 7 8 |  8.2
Shields        | 4 5 6 7 8 |  8.1
Invocations    | 2 3 4 6 7 8 |  8.2

Action                   |  1- 3 |  4- 6 |  7- 9 | 10-12 || total
-------------------------+-------+-------+-------+-------++-------
Melee: War axe           |    92 |   123 |   523 |   245 ||   983
       Broad axe         |       |       |       |    49 ||    49
 Abil: Heal Wounds       |     2 |     6 |    15 |     6 ||    29
Evoke: Wand              |       |       |       |     1 ||     1
  Use: Scroll            |       |       |    10 |     5 ||    15
       Potion            |       |       |       |     5 ||     5
Armor: Scale mail        |    59 |    40 |   107 |       ||   206
       Plate armour      |       |       |   169 |   302 ||   471
Dodge: Dodged            |    48 |    31 |   128 |   107 ||   314
Block: Kite shield       |    71 |    49 |   323 |   243 ||   686

Table legend: (Time is in decaauts)
 A = Elapsed time spent in this place.
 B = Non-inter-level travel time spent in this place.
 C = Inter-level travel time spent in this place.
 D = Time resting spent in this place.
 E = Time spent auto-exploring this place.
 F = Levels seen in this place.
 G = Mean time per level.
                   A        B        C        D        E       F      G
               +--------+--------+--------+--------+--------+-----+--------+
         Total |   5800 |   5448 |    352 |     12 |   3499 |  14 |  414.3 |
       Dungeon |   5647 |   5300 |    347 |     12 |   3424 |  12 |  470.6 |
        Temple |     91 |     86 |      5 |      0 |     52 |   1 |   91.0 |
         Sewer |     62 |     62 |      0 |      0 |     22 |   1 |   62.0 |
               +--------+--------+--------+--------+--------+-----+--------+

Top non-repeatable levels by time:
     D:8: 869 daAuts
     D:9: 844 daAuts
     D:5: 842 daAuts
     D:6: 736 daAuts
    D:10: 664 daAuts
     D:4: 638 daAuts
     D:7: 478 daAuts
     D:1: 226 daAuts
     D:3: 136 daAuts
     D:2: 118 daAuts
  Temple: 91 daAuts
    D:14: 81 daAuts
   Sewer: 62 daAuts
    D:11: 11 daAuts
